 Dungeon Crawl Stone Soup version 0.27-a0-1245-g940ed4fa31 (webtiles) character file.

Game seed: 17288511676285066857

7 Ge0ff the Shield-Bearer (level 1, 0/20 HPs)
             Began as a Deep Dwarf Fighter on June 9, 2021.
             Slain by Natasha (2 damage)
             ... on level 2 of the Dungeon.
             The game lasted 00:03:18 (213 turns).

Ge0ff the Shield-Bearer (Deep Dwarf Fighter)         Turns: 213, Time: 00:03:19

Health: 0/20       AC:  6    Str: 19    XL:     1   Next: 91%
Magic:  1/1        EV:  7    Int:  8    God:
Gold:   8          SH:  9    Dex: 12    Spells: 0/0 levels left

rFire    . . .     SeeInvis .   a - +0 war axe
rCold    . . .     Faith    .   c - +0 kite shield
rNeg     . . .     Spirit   .   b - +0 scale mail
rPois    .         Reflect  .   (no helmet)
rElec    .         Harm     .   (no cloak)
rCorr    .         Rampage  .   (no gloves)
Will     .....                  (no boots)
Stlth    ..........             (no amulet)
HPRegen  0.00/turn              (no ring)
MPRegen  0.07/turn              (no ring)

@: slowed, very slow
A: damage resistance, heal wounds, sense surroundings 1, no regeneration
a: Heal Wounds


You were on level 2 of the Dungeon.
You visited 1 branch of the dungeon, and saw 2 of its levels.

You collected 94 gold pieces.
You spent 86 gold pieces at shops.

Inventory:

Hand Weapons
 a - a +0 war axe (weapon)
Armour
 b - a +0 scale mail (worn)
 c - a +0 kite shield (worn)
Scrolls
 T - a scroll of teleportation
 X - a scroll of identify {unknown}
 Y - a scroll of summoning {unknown}
Potions
 M - a potion of might
 U - a potion of attraction {unknown}
 V - a potion of brilliance {unknown}
 W - a potion of degeneration {unknown}


   Skills:
 + Level 2.9 Fighting
 + Level 2.4 Axes
 - Level 3.2 Armour
 + Level 0.8 Dodging
 - Level 3.2 Shields


You couldn't memorise any spells.
You didn't know any spells.
Your spell library was empty.

Dungeon Overview and Level Annotations

Branches:
Dungeon (2/15)

Altars:

Shops:
D:1 *:*

Annotations:
D:2 Natasha


Innate Abilities, Weirdness & Mutations

You are resistant to damage.
You can heal yourself by infusing magical energy.
You passively map a small area around you.
You do not regenerate.


Message History

Use which ability? (? or * to list)
You feel much better. You block the shadow imp's attack.
The jackal bites you but does no damage.
Natasha stares at you and mumbles some strange words.
You resist with significant effort. You block the iron imp's attack.
The shadow imp barely misses you. You block the jackal's attack.
The iron imp hits you! Natasha claws you but does no damage.
Your shield prevents you from hitting Natasha.
Natasha is heavily wounded.
You closely miss the jackal. You closely miss the iron imp.
You hit the shadow imp.
The iron imp disappears in a puff of smoke!
The jackal bites you but does no damage.
The shadow imp hits you.
The jackal bites you but does no damage.
Natasha claws you but does no damage.
The shadow imp lashes its tail.
The shadow imp gestures at you. Pain shoots through your body!
The jackal bites you but does no damage.
You block Natasha's attack.
You barely miss Natasha.
Natasha is heavily wounded.
You closely miss the shadow imp. You miss the crimson imp.
You closely miss the jackal. The jackal bites you.
The shadow imp closely misses you. The crimson imp puffs mist at you.
The crimson imp hits you but does no damage.
Natasha claws you.
* * * LOW HITPOINT WARNING * * *
You block the jackal's attack. The shadow imp hits you.
The crimson imp hits you.
* * * LOW HITPOINT WARNING * * *
You block Natasha's attack.
The jackal bites you but does no damage.
You block the shadow imp's attack.
You closely miss Natasha.
Natasha is heavily wounded.
You hit the jackal. You closely miss the crimson imp.
You barely miss the shadow imp.
The jackal bites you but does no damage.
The crimson imp hits you but does no damage.
Natasha casts a spell at you. The magic dart hits you.
* * * LOW HITPOINT WARNING * * *
The jackal barely misses you.
The shadow imp hits you but does no damage.
The crimson imp hits you but does no damage.
Natasha claws you.
You die...

< , * * , , , , , *
* , * * * , ,
,######## > ,,,, , ,
#......# ** *
#......# * ,
,#....5h# * *
#.....@############,
,
.......5h..........#
*
##......##########.#
, #......# #.# ,
#......# #.#, ,
#......# #.#
#......# #.##### **
######## #...... ,
##############


You could see Natasha, a crimson imp (summoned), a shadow imp (summoned) and a
jackal.

Vanquished Creatures
  An endoplasm (D:1)
  A hobgoblin (D:1)
  A jackal (D:2)
  3 kobolds
  A bat (D:1)
  2 toadstools (D:1)
9 creatures vanquished.

Vanquished Creatures (others)
  3 fungi (D:1)
3 creatures vanquished.

Grand Total: 12 creatures vanquished

Notes
Turn   | Place    | Note
-------+----------+-------------------------------------------
     0 | D:1      | Ge0ff the Deep Dwarf Fighter began the quest for the Orb.
     0 | D:1      | Reached XP level 1. HP: 20/20 MP: 1/1
    63 | D:1      | Found Daoworao's General Store.
    73 | D:1      | Bought a scroll of teleportation for 36 gold pieces
    88 | D:1      | Found Plog's Assorted Antiques.
    91 | D:1      | Bought a brown potion for 25 gold pieces
    91 | D:1      | Bought a puce potion for 25 gold pieces
   100 | D:1      | Found Vuteats's Book Boutique.
   200 | D:2      | Noticed Natasha
   207 | D:2      | Noticed an iron imp
   209 | D:2      | Noticed a crimson imp
   213 | D:2      | Slain by Natasha

Illustrated notes

Levels and vault maps discovered:
D:1:      co_arrival_hexagon_in_a_hexagon, layout_loops_ring, serial_shops,
          shop, nicolae_shop_behind_doors,
          nicolae_shop_competitors_out_of_business, shop,
          minmay_gold_behind_fungi
D:2:      layout_basic, basic_ecumenical_altar, basic_altar,
          minmay_misc_feat_encased, uniq_natasha

Action                   || total
-------------------------++-------
Melee: War axe           ||    24
 Abil: Heal Wounds       ||     2
Armor: Scale mail        ||    26
Dodge: Dodged            ||    15
Block: Kite shield       ||    29

Table legend: (Time is in decaauts)
 A = Elapsed time spent in this place.
 B = Non-inter-level travel time spent in this place.
 C = Inter-level travel time spent in this place.
 D = Time resting spent in this place.
 E = Time spent auto-exploring this place.
 F = Levels seen in this place.
 G = Mean time per level.
                   A        B        C        D        E       F      G
               +--------+--------+--------+--------+--------+-----+--------+
         Total |    234 |    234 |      0 |      0 |      0 |   2 |  117.0 |
       Dungeon |    234 |    234 |      0 |      0 |      0 |   2 |  117.0 |
               +--------+--------+--------+--------+--------+-----+--------+

Top non-repeatable levels by time:
     D:1: 138 daAuts
     D:2: 96 daAuts
